 Dungeon Crawl Stone Soup version 0.27-a0-836-gfc908b8576 (webtiles) character file.

Game seed: 16506296439580991628

129 voltaire321 the Stinger (level 5, -1/33 HPs)
             Began as an Octopode Venom Mage on Mar 31, 2021.
             Slain by an ogre
             ... wielding a +0 giant club
              (22 damage)
             ... on level 4 of the Dungeon.
             The game lasted 00:11:45 (3925 turns).

voltaire321 the Stinger (Octopode Venom Mage)       Turns: 3925, Time: 00:11:45

Health: -1/33      AC:  1    Str:  7    XL:     5   Next: 12%
Magic:  8/8        EV: 13    Int: 19    God:
Gold:   97         SH:  0    Dex: 12    Spells: 6/9 levels left

rFire    . . .     SeeInvis .   a - +0 dagger
rCold    + . .     Faith    .   (no shield)
rNeg     . . .     Spirit   .   (helmet restricted)
rPois    .         Reflect  .   (no amulet)
rElec    .         Harm     .   b - ring of protection from cold
rCorr    .         Rampage  .   (no ring)
Will     .....                  (no ring)
Stlth    +++.......             (no ring)
HPRegen  0.11/turn              (no ring)
MPRegen  0.11/turn              (no ring)
                                (no ring)
                                (no ring)

@: no status effects
A: almost no armour, amphibious, 8 rings, camouflage 1, gelatinous body 1,
(nimble swimmer 1), tentacles
a: no special abilities


You were on level 4 of the Dungeon.
You visited 1 branch of the dungeon, and saw 4 of its levels.

You collected 97 gold pieces.

Inventory:

Hand Weapons
 a - a +0 dagger (weapon)
Jewellery
 b - a ring of protection from cold (left tentacle)
Wands
 e - a wand of acid (7)
 g - a wand of digging (2)
Scrolls
 c - 2 scrolls of identify {unknown}
 f - a scroll of enchant armour {unknown}
 h - a scroll of immolation {unknown}
 k - a scroll of amnesia {unknown}
 l - a scroll of noise {unknown}
Potions
 d - a potion of invisibility {unknown}
 i - a potion of mutation {unknown}
 j - a potion of might {unknown}


   Skills:
 + Level 1.4 Fighting
 + Level 2.5 Dodging
 + Level 3.9 Stealth
 + Level 2.6 Spellcasting
 + Level 1.9 Transmutations
 + Level 1.1 Air Magic
 + Level 4.2 Poison Magic


You had 6 spell levels left.
You knew the following spells:

 Your Spells              Type           Power      Damage    Failure   Level
a - Sting                 Tmut/Pois      56%        1d5       4%          1
b - Poisonous Vapours     Pois/Air       24%        N/A       8%          2

Your spell library contained the following spells:

 Spells                   Type           Power      Damage    Failure   Level
 Ignite Poison            Fire/Tmut/Pois 10%        N/A       21%         3
 Mephitic Cloud           Conj/Pois/Air  9%         N/A       22%         3
 Olgreb's Toxic Radiance  Pois           18%        N/A       28%         4


Dungeon Overview and Level Annotations

Branches:
Dungeon (4/15)
 Temple: D:4-7

Altars:
Fedhas
Gozag
Okawaru
Qazlal
Uskayaw

Shops:
D:2 *


Innate Abilities, Weirdness & Mutations

You cannot wear most types of armour.
You are amphibious.
You can wear up to eight rings at the same time.
Your skin changes colour to match your surroundings (Stealth+).
Your rubbery body absorbs attacks. (AC +1, EV +1)
((You are camouflaged near water. (Stealth+)))
You have tentacles for arms and can constrict up to eight enemies at once.


Message History

The dart slug is severely wounded.
You kill the dart slug!
l - a scroll labelled EGEUNIMMEO Done exploring.
Done exploring.
You see here a +0 war axe.
You see here 25 stones.
You see here a +0 dagger.
You see here 2 datura-tipped darts.
There is a stone staircase leading down here.
You climb downwards.
You hear the hiss of flowing sand.
There is an entrance to an ossuary on this level.
Hurry and find it before the portal is buried!
Found a dagger.
There is a stone staircase leading up here.
Found a flail.
Found a leather armour.
Found a blossoming altar of Fedhas.
A centaur comes into view.
The centaur wields a +0 shortbow.
The centaur shoots an arrow.
The arrow hits you!
The centaur shoots an arrow.
The arrow hits you.
The centaur wields a +0 shortbow.
The centaur shoots an arrow.
The arrow closely misses you.
The centaur unwields a +0 shortbow.
The centaur hits the bush but does no damage.
The centaur kicks the bush.
The centaur wields a +0 shortbow.
The centaur shoots an arrow.
The arrow barely misses you.
The centaur shoots an arrow.
The arrow hits you!
* * * LOW HITPOINT WARNING * * *
You start resting.
You hear the slow hiss of a distant avalanche of sand.
You start resting.
You hear the slow hiss of a distant avalanche of sand.
A jackal comes into view.
A jackal comes into view.
A hobgoblin comes into view.
An ogre comes into view. It is wielding a +0 giant club.
The ogre hits you with a +0 giant club!!
Ouch! That really hurt!
You die...

####### ......# #....
#..♣ #.♣ #O♣ ####@♣
#....♣♣♣♣♣♣..#
#.#........# #
####.##### #.# ### #.#
#....###.######...
..h...............#####
......####.#####..[...#


You could see an ogre.

Vanquished Creatures
  Terence (D:2)
  3 adders
  A worm (D:3)
  3 dart slugs (D:3)
  3 ball pythons (D:1)
  6 endoplasms
  5 giant cockroaches
  8 goblins
  5 hobgoblins
  8 jackals (D:1)
  2 quokkas
  2 bats
  4 frilled lizards
  5 kobolds
  8 rats
64 creatures vanquished.

Notes
Turn   | Place    | Note
-------+----------+-------------------------------------------
     0 | D:1      | voltaire321 the Octopode Venom Mage began the quest for the
                  | Orb.
     0 | D:1      | Reached XP level 1. HP: 11/11 MP: 3/3
   411 | D:1      | Reached XP level 2. HP: 17/17 MP: 0/5
   414 | D:1      | Learned a level 2 spell: Poisonous Vapours
   810 | D:1      | Reached XP level 3. HP: 22/22 MP: 4/6
  1058 | D:1      | Reached skill level 4 in Poison Magic
  1375 | D:1      | Reached skill level 1 in Fighting
  1785 | D:2      | Found an iron altar of Okawaru.
  2040 | D:2      | Found Gozag's Platinum Reserve.
  2041 | D:2      | Found an opulent altar of Gozag.
  2044 | D:2      | Noticed Terence
  2060 | D:2      | Killed Terence
  2061 | D:2      | Reached skill level 1 in Air Magic
  2061 | D:2      | Reached XP level 4. HP: 28/28 MP: 1/7
  3445 | D:3      | Reached XP level 5. HP: 28/33 MP: 5/8
  3689 | D:3      | Found a hide-covered altar of Uskayaw.
  3691 | D:3      | Found a stormy altar of Qazlal.
  3810 | D:4      | Found a blossoming altar of Fedhas.
  3811 | D:4      | Noticed a centaur
  3922 | D:4      | Noticed an ogre
  3925 | D:4      | Slain by an ogre

Illustrated notes

Levels and vault maps discovered:
D:1:      dpeg_arrival_court, layout_basic
D:2:      layout_basic, okawaru_ov_weapons_minmay,
          nicolae_gozag_zags_fifth_avenue, uniq_terence
D:3:      layout_rooms, nicolae_overflow_hidden_temple
D:4:      layout_loops_ring, old_standard_altar, lemuel_round_altar,
          chequers_ossuary_entry_cave, wad_floor_pattern_untrapped,
          nrook_campfire, fedhas_bush_and_centaur_altar, uniq_robin

Skill      XL: |  1  2  3 |
---------------+----------+-----
Stealth        | 3 |  3.9
Poison Magic   | 4 |  4.2
Fighting       | 1 |  1.4
Air Magic      | 1 |  1.1
Dodging        | |  2.5
Spellcasting   | |  2.6
Transmutations | |  1.9

Action                   |  1- 3 |  4- 6 || total
-------------------------+-------+-------++-------
Melee: Unarmed           |    16 |       ||    16
       Constrict         |     7 |     6 ||    13
       Tentacles         |     3 |     5 ||     8
       Dagger            |    13 |    28 ||    41
 Cast: Sting             |    51 |    26 ||    77
       Poisonous Vapours |     3 |       ||     3
 Stab: Sleeping          |     1 |       ||     1
Armor: Skin              |     4 |     1 ||     5
Dodge: Dodged            |    23 |    13 ||    36

Table legend: (Time is in decaauts)
 A = Elapsed time spent in this place.
 B = Non-inter-level travel time spent in this place.
 C = Inter-level travel time spent in this place.
 D = Time resting spent in this place.
 E = Time spent auto-exploring this place.
 F = Levels seen in this place.
 G = Mean time per level.
                   A        B        C        D        E       F      G
               +--------+--------+--------+--------+--------+-----+--------+
         Total |   3923 |   3811 |    112 |   1385 |   1699 |   4 |  980.8 |
       Dungeon |   3923 |   3811 |    112 |   1385 |   1699 |   4 |  980.8 |
               +--------+--------+--------+--------+--------+-----+--------+

Top non-repeatable levels by time:
     D:1: 1535 daAuts
     D:2: 1502 daAuts
     D:3: 766 daAuts
     D:4: 118 daAuts
